 Dungeon Crawl Stone Soup version 0.25.1-2-g60ff931df9 (webtiles) character file.

Game seed: 9328786479862796430

187 MajorAdolf the Chopper (level 5, 0/46 HPs)
             Began as a Naga Wanderer on Oct 9, 2020.
             Was an Initiate of Gozag.
             Slain by a gnoll
             ... wielding a +0 spear
              (8 damage)
             ... on level 6 of the Dungeon.
             The game lasted 00:03:46 (3375 turns).

MajorAdolf the Chopper (Naga Wanderer)              Turns: 3375, Time: 00:03:50

Health: 0/46       AC:  6    Str: 15    XL:     5   Next: 66%
Magic:  5/5        EV:  9    Int: 11    God:    Gozag
Gold:   172        SH:  0    Dex: 12    Spells: 4/4 levels left

rFire    + . .     SeeInvis +   a - +2 hand crossbow
rCold    + . .     Gourm    .   (no shield)
rNeg     . . .     Faith    .   d - +0 ring mail
rPois    +         Spirit   .   g - +0 helmet
rElec    +         Reflect  .   (no cloak)
rCorr    +         Harm     .   (no gloves)
MR       .....                  (no barding)
Stlth    +.........             (no amulet)
HPRegen  0.15/turn              (no ring)
MPRegen  0.09/turn              (no ring)

@: mighty, resistant, very slightly contaminated, very slow
A: large, see invisible, deformed body, poison resistance, slowness 2, slow
metabolism 1, spit poison 1, AC +1
a: Spit Poison, Potion Petition, Call Merchant, Bribe Branch, Renounce Religion


You were on level 6 of the Dungeon.
You worshipped Gozag.
Gozag was aware of your devotion.
You were very hungry.

You visited 1 branch of the dungeon, and saw 5 of its levels.

You collected 259 gold pieces.
You paid 87 gold pieces to Gozag.

Inventory:

Hand Weapons
 a - a +2 hand crossbow (weapon)
 c - a +0 hand axe
Missiles
 b - 31 bolts (quivered)
Armour
 d - a +0 ring mail (worn)
 g - a +0 helmet (worn)
 s - a +0 helmet
Scrolls
 i - a scroll of remove curse
 j - 2 scrolls of identify
 l - 2 scrolls of fear
Potions
 e - 2 potions of brilliance
 r - 3 potions of lignification {unknown}
Comestibles
 f - 11 rations


   Skills:
 + Level 2.7 Fighting
 + Level 3.2 Axes
 - Level 1.7 Crossbows
 + Level 3.2 Armour
 + Level 2.0 Dodging
 - Level 3.0 Stealth


You had 4 spell levels left.
You didn't know any spells.
Your spell library was empty.

Dungeon Overview and Level Annotations

Branches:
Dungeon (4/15)
 Temple: D:4-7

Altars:
Cheibriados
Gozag
Trog
Yredelemnul

Annotations:
D:3 exclusion: ogre


Innate Abilities, Weirdness & Mutations

You cannot wear boots.
Your serpentine skin is tough. (AC +1)
You have supernaturally acute eyesight. (SInv)
Armour fits poorly on your strangely shaped body.
Your system is resistant to poisons. (rPois)
You cover ground very slowly.
You have a slow metabolism.
You can spit poison.


Message History

It was a scroll of magic mapping.
The water moccasin zombie bites you.
The crimson imp blinks!
The centaur shoots an arrow.
The arrow hits you!
Unknown command.
Okay, then.
Okay, then.
It was a potion of resistance.
You feel protected.
The water moccasin zombie bites you but does no damage.
It was a potion of magic.
Magic courses through your body.
The centaur shoots an arrow.
The arrow hits you!
The water moccasin zombie closely misses you.
The centaur shoots an arrow.
The arrow barely misses you.
It was a potion of might.
You feel very mighty all of a sudden.
An orc comes into view. It is wielding a +0 flail.
The centaur shoots an arrow.
The arrow hits you!
* * * LOW HITPOINT WARNING * * *
The gnoll hits you from afar with a +0 spear!
You die...
Your body crumbles into a pile of gold.

*,,,,,**,,***,,*,,,
**,,,***,****,,,,,,
**+********..,,,,, *,,,,##
*...,,,*, **,,,.###..#*****
#####,.......,****
#...##.....,.,,,,*
#.Z..!...,...,,,,*
*#@s..5.#...##*,*,+
#..[g#.......#*,,,+
##...##......#*,,**
**#.......gg...,,,,*
*,......c(.....,,,,*
*,####.##o.....,,***
***********,* *##,......,,,**
*,,,,,,,,,,,* ***,......,,,,,
*,*********,****,,,##.##J**,,,


You could see a centaur, a scorpion (inner flame), a gnoll, a crimson imp (inner
flame), an orc and a water moccasin zombie (inner flame).

Vanquished Creatures
  A crimson imp (D:3)
  Robin (D:3)
  2 adders (D:2)
  3 gnolls (D:4)
  2 oozes
  A worm (D:2)
  A dart slug (D:1)
  4 leopard geckos
  An orc (D:3)
  3 giant cockroaches
  17 goblins
  10 hobgoblins
  2 quokkas
  7 bats
  11 frilled lizards
  7 kobolds
  5 rats
  A spectral orc (D:2)
79 creatures vanquished.

Vanquished Creatures (others)
  5 toadstools (D:2)
5 creatures vanquished.

Grand Total: 84 creatures vanquished

Notes
Turn   | Place    | Note
-------+----------+-------------------------------------------
     0 | D:1      | MajorAdolf the Naga Wanderer began the quest for the Orb.
     0 | D:1      | MajorAdolf set off with the following items: a +2 hand
                  | crossbow, 26 bolts, a +0 hand axe, a +0 ring mail, a +0
                  | dagger, a ration
     0 | D:1      | Reached XP level 1. HP: 18/18 MP: 1/1
   150 | D:1      | Reached XP level 2. HP: 23/25 MP: 2/2
   490 | D:1      | Reached XP level 3. HP: 31/31 MP: 3/3
  1105 | D:2      | Reached skill level 1 in Dodging
  1176 | D:2      | Found a snail-covered altar of Cheibriados.
  1515 | D:2      | Found a basalt altar of Yredelemnul.
  1609 | D:2      | Reached XP level 4. HP: 34/39 MP: 4/4
  2109 | D:3      | Noticed Robin
  2229 | D:3      | Killed Robin
  2435 | D:3      | Found a bloodstained altar of Trog.
  2439 | D:3      | Reached XP level 5. HP: 46/46 MP: 5/5
  2498 | D:3      | Noticed an ogre
  3159 | D:4      | Found an opulent altar of Gozag.
  3167 | D:4      | Became a worshipper of Gozag Ym Sagoz the Greedy
  3365 | D:4      | You fall into a shaft and drop 2 floors!
  3371 | D:6      | Noticed a centaur
  3375 | D:6      | Slain by a gnoll

Illustrated notes

Levels and vault maps discovered:
D:1:      dpeg_arrival_morbid_curiosity, layout_loops_ring, minmay_lizard_pond
D:2:      layout_basic, yredelemnul_forgotten_temple_becter,
          overflow_temple_1_default, minmay_gold_behind_fungi
D:3:      layout_loops_ring, first_ration, trog_butcher_becter, uniq_robin
D:4:      layout_layer_cave, grunt_gozag_statues, okawaru_metal_pillars_1_2,
          serial_shops, nicolae_shop_window_shopping
D:6:      layout_cave_pools, tso_altar, lightli_sewer_entry_pipes, serial_shops,
          kennysheep_mini_moat, st_stairs_11, kennysheep_cross_room

Skill      XL: |  1  2  3  4  5 |
---------------+----------------+-----
Dodging        | 1 2 |  2.0
Fighting       | 2 |  2.7
Armour         | 3 |  3.2
Axes           | 3 |  3.2
Crossbows      | |  1.7
Stealth        | |  3.0

Action                   |  1- 3 |  4- 6 || total
-------------------------+-------+-------++-------
 Fire: Hand crossbow     |    78 |   106 ||   184
 Abil: Spit Poison       |     1 |       ||     1
  Use: Scroll            |       |     7 ||     7
       Potion            |       |     3 ||     3
  Eat: Chunk             |     1 |     4 ||     5
Armor: Ring mail         |    11 |    24 ||    35
Dodge: Dodged            |    18 |    25 ||    43
